 Dungeon Crawl Stone Soup version 0.31.0-11-ge490571c62 (webtiles) character file.

Game seed: 2268078240178665219

20 qw the Shooter (level 2, 0/16 HPs)
             Began as a Deep Elf Hunter on Feb 4, 2024.
             Succumbed to their own poison gas
             ... on level 1 of the Dungeon.
             The game lasted 00:00:03 (715 turns).

qw the Shooter (Deep Elf Hunter)                     Turns: 715, Time: 00:00:04

Health: 0/16       AC:  5    Str:  8    XL:     2   Next: 58%
Magic:  4/4        EV: 12    Int: 13    God:
Gold:   51         SH:  0    Dex: 18    Spells: 1/1 levels left

rFire   . . .        a - +0 shortbow
rCold   + . .        (shield currently unavailable)
rNeg    . . .        h - +2 leather armour {rC+}
rPois   .            (no helmet)
rElec   .            (no cloak)
rCorr   .            (no gloves)
SInv    .            (no boots)
Will    .....        (no amulet)
Stlth   ++           (no ring)
HPRegen 0.22/turn    (no ring)
MPRegen 0.09/turn

%: no passive effects
@: lethally poisoned (0 -> -3)
A: no striking features
a: no special abilities


You were on level 1 of the Dungeon.
You visited 1 branch of the dungeon, and saw 1 of its levels.

You collected 51 gold pieces.


   Skills:
 - Level 1.5 Fighting
 + Level 6.3 Ranged Weapons
 - Level 2.4 Dodging
 - Level 1.2 Stealth


You had one spell level left.
You didn't know any spells.
Your spell library was empty.

Inventory:

Hand Weapons
 a - a +0 shortbow (weapon)
Armour
 g - a +0 ring mail
 h - a +2 leather armour of cold resistance (worn)
Potions
 k - a potion of lignification {unknown}

Dungeon Overview and Level Annotations

Branches:
Dungeon (1/15)

Altars:

Shops:
D:1 :


Message History

The air around you briefly surges with heat, but it dissipates.
It was a scroll of immolation.
Done exploring.
706 ||| READING scroll labelled XIULEW KUSUUTE.
The air fills with toxic fumes!
As you read the scroll labelled XIULEW KUSUUTE, it crumbles to dust.
It was a scroll of poison.
Done exploring.
707 ||| DROPPING scroll of butterflies.
You drop a scroll of butterflies.
Done exploring.
What level of the Dungeon? (default 1, ? - help) Sorry, I don't know how to get there.
Enter note:
Enter note:
Enter note:
Enter note:
Enter note:
Enter note:
Enter note:
Enter note:
Enter note:
Enter note: You are engulfed in poison gas.
You are lethally poisoned!
You feel very sick.
709 ||| Stepping ~*~*~tactically~*~*~ (cloud).
You feel very sick.
Items here: " = ? [.
There is a lethal amount of poison in your body!
You feel sick.
There is a lethal amount of poison in your body!
You feel sick.
There is a lethal amount of poison in your body!
You feel sick.
There is a lethal amount of poison in your body!
You feel sick.
There is a lethal amount of poison in your body!
You feel sick.
There is a lethal amount of poison in your body!
You die...

#.#####.#..###########.####.#####
........#...##########.# #.# #.
#.########..##########.# #.####.
..# #..##########.# #...... ..#
#0.##########.########## ..#
#¤¤##########........... ..#
#000¤000################ ..#
#####0¤¤¤0¤0####### #.[...
.#####...000000¤@¤0##### #.####
.#.......#0¤00¤¤0#0##### #.#...
...#...#.¤0¤¤¤¤00#.##### #.#...
##..#.#..¤¤¤¤000¤¤..#### #.###.
.....\...000000PP¤.P.### #.....
..%.#.#..¤¤¤0¤00777..### #######
...#...#.00#¤07¤.7P....# #..[...
...........#...._.PP...# #......
...##......#..77.P.....# #...#..


There were no monsters in sight!

Vanquished Creatures
  A dart slug (D:1)
  2 ball pythons (D:1)
  A bat (D:1)
  3 giant cockroaches (D:1)
  A goblin (D:1)
  2 hobgoblins (D:1)
  A kobold (D:1)
  A quokka (D:1)
  3 rats (D:1)
15 creatures vanquished.

Notes
Turn   | Place    | Note
-------+----------+-------------------------------------------
     0 | D:1      | qw the Deep Elf Hunter began the quest for the Orb.
     0 | D:1      | Reached XP level 1. HP: 12/12 MP: 3/3
     0 | D:1      | 0 ||| qw: Version: 0.3-a-160-g6735b56
     0 | D:1      | 0 ||| qw: Game counter: 5115
     0 | D:1      | 0 ||| qw: Melee chars always use a shield: true
     0 | D:1      | 0 ||| qw: God list: Okawaru
     0 | D:1      | 0 ||| qw: Allow faded altars: false
     0 | D:1      | 0 ||| qw: Do Orc after clearing Dungeon:15 true
     0 | D:1      | 0 ||| qw: Do second Lair branch before Depths: true
     0 | D:1      | 0 ||| qw: Lair rune preference: random
     0 | D:1      | 0 ||| qw: Goals: Normal
     0 | D:1      | 0 ||| PLANNING D:1-11
   118 | D:1      | Found a faded altar of an unknown god.
   137 | D:1      | 137 ||| RETREEEEATING.
   146 | D:1      | 146 ||| RETREEEEATING.
   147 | D:1      | 147 ||| RETREEEEATING.
   151 | D:1      | Reached XP level 2. HP: 13/16 MP: 4/4
   152 | D:1      | Reached skill level 6 in Ranged Weapons
   173 | D:1      | Found Cimusaac's Book Shoppe.
   580 | D:1      | 580 ||| UPGRADING to +0 ring mail.
   590 | D:1      | 590 ||| DROPPING +0 leather armour.
   591 | D:1      | 591 ||| UPGRADING to +2 leather armour of cold resistance.
   601 | D:1      | 601 ||| DROPPING amulet of magic regeneration.
   602 | D:1      | 602 ||| DROPPING ring of flight.
   603 | D:1      | 603 ||| READING scroll labelled WEUSAI LYUXKA.
   704 | D:1      | 704 ||| READING scroll labelled FIHEMILUNI.
   705 | D:1      | 705 ||| READING scroll labelled KUITUH EHITE.
   706 | D:1      | 706 ||| READING scroll labelled XIULEW KUSUUTE.
   707 | D:1      | 707 ||| DROPPING scroll of butterflies.
   709 | D:1      | 709 ||| Stepping ~*~*~tactically~*~*~ (cloud).
   711 | D:1      | HP: 4/16 [poisoned by you (poison gas)]
   713 | D:1      | HP: 1/16 [poisoned by you (poison gas)]
   715 | D:1      | Succumbed to their own poison gas

Levels and vault maps discovered:
D:1:      shiori_arrival_oz, layout_basic, dreamdust_ecumenical_altar_grove,
          serial_shops, nicolae_shop_advertising_works
          [nicolae_subvault_shop_adworks]

Skill      XL: |  1  2 |
---------------+-------+-----
Ranged Weapons | 6 |  6.3
Fighting       | |  1.5
Dodging        | |  2.4
Stealth        | |  1.2

Action                     || total
---------------------------++-------
   Fire: Shortbow          ||    46
    Use: Scroll            ||     4
 Armour: Leather armour    ||    10
  Dodge: Dodged            ||    28

Table legend:
 A = Non-vault XP
 B = Vault XP
 C = Vault XP percentage of total XP
 D = Non-vault monster count
 E = Vault monster count
 F = Vault count percentage of total count
                 A         B        C        D         E       F
            +---------+---------+-------+---------+---------+-------
      Total |      27 |       2 |   6.9 |      14 |       1 |   6.7
            +---------+---------+-------+---------+---------+-------
        D:1 |      27 |       2 |   6.9 |      14 |       1 |   6.7
            +---------+---------+-------+---------+---------+-------
